 Dungeon Crawl Stone Soup version 0.29.1-13-g9f3cf754e1 (webtiles) character file.

Game seed: 12416900688808076052

1176 Descartes the Shield-Bearer (level 8, -4/62 HPs)
             Began as a Formicid Fighter on Feb 2, 2023.
             Slain by an iguana (6 damage)
             ... on level 5 of the Dungeon.
             The game lasted 00:07:14 (4983 turns).

Descartes the Shield-Bearer (Formicid Fighter)      Turns: 4983, Time: 00:07:15

Health: -4/62      AC: 12    Str: 25    XL:     8   Next: 69%
Magic:  14/14      EV:  8    Int:  6    God:
Gold:   205        SH: 10    Dex: 12    Spells: 15/15 levels left

rFire   . . .      SeeInvis +   C - +7 whip of the Endless March {freeze, +Blink rCorr Str+2 Dex-5}
rCold   . . .      Faith    .   c - +0 buckler
rNeg    . . .      Spirit   .   r - +0 chain mail
rPois   .          Reflect  +   (helmet unavailable)
rElec   .          Harm     .   l - +0 cloak {Will+}
rCorr   +          Rampage  .   (no gloves)
Will    +....                   z - +0 pair of boots
Stlth   ..........              i - amulet of reflection
HPRegen 0.20/turn               j - ring of flight
MPRegen 0.14/turn               (no ring)

@: flying
A: permanent stasis, dig shafts and tunnels, antennae 3, four strong arms, agile
1, deterioration 1
a: Dig, Shaft Self


You were on level 5 of the Dungeon.
You visited 1 branch of the dungeon, and saw 5 of its levels.

You collected 205 gold pieces.

Inventory:

Hand Weapons
 a - a +0 war axe
 C - the +7 whip of the Endless March (weapon) {freeze, +Blink rCorr Str+2 Dex-5}
   (You found it on level 4 of the Dungeon)

   It freezes those it strikes, dealing additional cold damage.
   It can also slow down cold-blooded creatures.
   Str:       It affects your strength (+2).
   Dex:       It affects your dexterity (-5).
   +Blink:    It lets you blink.
   rCorr:     It protects you from acid and corrosion.
Missiles
 k - 6 curare-tipped darts
 n - 10 boomerangs
 t - 2 silver javelins
 A - 3 poisoned darts
Armour
 c - a +0 buckler (worn)
 l - a +0 cloak of willpower (worn)
 r - a +0 chain mail (worn)
 z - a +0 pair of boots (worn)
Jewellery
 i - an amulet of reflection (around neck)
 j - a ring of flight (left hand)
Scrolls
 b - a scroll of teleportation {unknown}
 f - a scroll of enchant weapon {unknown}
 g - 11 scrolls of identify {unknown}
 h - a scroll of poison {unknown}
 q - 6 scrolls of butterflies {unknown}
 v - 2 scrolls of fear {unknown}
 y - 2 scrolls of blinking {unknown}
 B - a scroll of enchant armour {unknown}
 E - a scroll of immolation {unknown}
Potions
 d - 2 potions of might
 e - 2 potions of mutation
 o - a potion of ambrosia {unknown}
 p - a potion of brilliance {unknown}
 s - a potion of degeneration {unknown}
 u - a potion of attraction
 w - a potion of berserk rage {unknown}
 x - a potion of lignification {unknown}
 D - a potion of magic {unknown}


   Skills:
 - Level 5.0 Fighting
 + Level 4.2(4.4) Axes
 + Level 1.8(3.2) Maces & Flails
 + Level 5.3 Armour
 + Level 6.4 Shields
 * Level 4.2 Spellcasting
 + Level 3.8 Evocations


You had 15 spell levels left.
You didn't know any spells.
Your spell library contained the following spells:

 Spells                   Type           Power      Damage    Failure   Level
 Freeze                   Ice            4%         1d3       94%         1
 Frozen Ramparts          Ice            2%         1d1       100%        3
 Gell's Gravitas          Tloc           1%         N/A       100%        3
 Lesser Beckoning         Tloc           1%         N/A       100%        3
 Teleport Other           Tloc           1%         N/A       100%        3
 Animate Dead             Necr           1%         N/A       100%        4
 Hailstorm                Conj/Ice       1%         3d3       100%        4
 Summon Forest            Summ/Tloc      0%         N/A       100%        5
 Summon Mana Viper        Hex/Summ       1%         N/A       100%        5
 Summon Cactus Giant      Summ           0%         N/A       100%        6
 Haunt                    Necr/Summ      0%         N/A       100%        7
 Infestation              Necr           0%         N/A       100%        8


Dungeon Overview and Level Annotations

Branches:
Dungeon (5/15)
 Temple: D:4-7

Altars:

Shops:
D:4 (

Annotations:
D:3 2 transporters, Quickbrownfox's ghost, amateur OpTm


Innate Abilities, Weirdness & Mutations

You cannot be hasted, slowed, berserked, paralysed or teleported.
You can dig through walls and to a lower floor.
You have a pair of large antennae on your head. (SInv)
Your four strong arms can wield two-handed weapons with a shield.
You are agile. (Dex +4, Str/Int -1)
Your body sometimes deteriorates upon taking damage.


Message History

The gnoll is moderately wounded.
You block the gnoll's attack. x2
You whack the gnoll! You freeze the gnoll.
You kill the gnoll!
The gnoll barely misses you. The gnoll is attracted toward you.
The iguana is attracted toward you.
Unknown command.
You hit the gnoll. You freeze the gnoll.
The gnoll is moderately wounded.
The gnoll hits you with a +0 spear.
* * * LOW HITPOINT WARNING * * *
You closely miss the gnoll.
The gnoll is moderately wounded.
You block the gnoll's attack.
Unknown command.
You hit the gnoll. You freeze the gnoll.
The gnoll is severely wounded.
You block the gnoll's attack.
You whack the gnoll! You freeze the gnoll.
You kill the gnoll!
You whack the iguana!
The iguana seems to slow down.
You freeze the iguana.
The iguana is severely wounded.
The iguana hisses menacingly.
The iguana bites you!
* * * LOW HITPOINT WARNING * * *
You feel less attractive to monsters.
You closely miss the iguana.
The iguana is severely wounded.
The iguana bites you.
* * * LOW HITPOINT WARNING * * *
You hit the iguana but do no damage.
The iguana is severely wounded.
The iguana is no longer moving slowly.
You hit the iguana. You freeze the iguana.
The iguana is almost dead.
You block the iguana's attack.
You barely miss the iguana.
The iguana is almost dead.
The iguana bites you.
You die...

## .... ..# ..... ..#
..8.... #.## 8...8..##..# ##
...........# ########.#
.....8...#.#####........###
.......#......l@.##........#
8...8..#...########........#
..8....#.#.# #........#
........)#.# #........#####
.........#.# #........#.##.
.........#.# ##........#.#..
.........#.#
###.......))..<..
.........#.#
#.........)......
.........#.#
#.##......)..#..)


You could see an iguana.

Vanquished Creatures
  Sigmund (D:4)
  An ice beast (D:5)
  An ogre (D:4)
  3 phantoms
  Blork the orc (D:4)
  4 scorpions
  A hound (D:5)
  A gnoll bouda (D:5)
  3 orc wizards (D:5)
  4 gnolls (D:5)
  6 adders
  An ufetubus (D:4)
  2 worms
  4 dart slugs
  4 orcs
  6 bats
  11 endoplasms
  3 giant cockroaches
  6 goblins
  6 hobgoblins
  5 jackals (D:2)
  7 quokkas
  6 ball pythons
  6 frilled lizards
  7 kobolds
  8 rats
108 creatures vanquished.

Vanquished Creatures (others)
  6 plants (D:3)
6 creatures vanquished.

Grand Total: 114 creatures vanquished

Notes
Turn   | Place    | Note
-------+----------+-------------------------------------------
     0 | D:1      | Descartes the Formicid Fighter began the quest for the Orb.
     0 | D:1      | Reached XP level 1. HP: 18/18 MP: 1/1
   349 | D:1      | Reached XP level 2. HP: 24/24 MP: 2/2
   665 | D:1      | Reached XP level 3. HP: 29/29 MP: 3/3
  1307 | D:2      | Reached skill level 1 in Evocations
  1648 | D:2      | Reached skill level 1 in Spellcasting
  1896 | D:2      | Reached XP level 4. HP: 35/36 MP: 5/5
  1954 | D:2      | Found a faded altar of an unknown god.
  2759 | D:3      | Reached XP level 5. HP: 42/42 MP: 6/6
  2769 | D:3      | Found a transporter.
  3255 | D:3      | Noticed Quickbrownfox's ghost (amateur OpTm)
  3502 | D:3      | Found a transporter.
  3580 | D:4      | Reached skill level 5 in Shields
  3580 | D:4      | Reached XP level 6. HP: 14/48 MP: 7/9
  3852 | D:4      | Noticed Sigmund
  3863 | D:4      | Killed Sigmund
  3864 | D:4      | Reached XP level 7. HP: 35/55 MP: 10/10
  4120 | D:4      | Found Cital's Weapon Shop.
  4193 | D:4      | Identified the +7 whip of the Endless March {freeze, +Blink
                  | rCorr Str+2 Dex-5}
  4272 | D:4      | Noticed Blork the orc
  4281 | D:4      | Killed Blork the orc
  4631 | D:5      | Entered Level 5 of the Dungeon
  4641 | D:5      | Reached XP level 8. HP: 61/61 MP: 12/12
  4765 | D:5      | Reached skill level 1 in Maces & Flails
  4765 | D:5      | Reached skill level 5 in Armour
  4810 | D:5      | Reached skill level 5 in Fighting
  4810 | D:5      | Reached skill level 6 in Shields
  4951 | D:5      | Gained mutation: Your body sometimes deteriorates upon
                  | taking damage. [potion of mutation]
  4951 | D:5      | Gained mutation: You are agile. (Dex +4, Str/Int -1)
                  | [potion of mutation]
  4980 | D:5      | HP: 1/62 [iguana (5)]
  4983 | D:5      | Slain by an iguana

Illustrated notes

Levels and vault maps discovered:
D:1:      dpeg_arrival_signposts, layout_basic, hangedman_glass_teeth
D:2:      layout_loops_corners, shapermc_ecumenical_altar_flowoftime,
          minivault_11, serial_bayou_pond_c, chequers_serial_rivers_small_a,
          minmay_joined_circles
D:3:      layout_basic, gammafunk_ghost_gnarly_gnolls, supply_closet_lemuel
D:4:      layout_rooms, serial_shops, shop, palyth_stone_intersect,
          uniq_sigmund, uniq_blork_the_orc
D:5:      layout_rooms, nicolae_uskayaw_dance_hall,
          nicolae_hepliaklqana_monster_ancestors, nicolae_overflow_crystal_walls

Skill      XL: |  1  2  3  4  5  6  7  8 |
---------------+-------------------------+-----
Evocations     | 1 2 3 |  3.8
Spellcasting   | 1 2 3 4 |  4.2
Fighting       | 4 5 |  5.0
Armour         | 4 5 |  5.3
Axes           | 3 4 |  4.2
Shields        | 5 6 |  6.4
Maces & Flails | 1 |  1.8

Action                   |  1- 3 |  4- 6 |  7- 9 || total
-------------------------+-------+-------+-------++-------
Melee: War axe           |    89 |   119 |    16 ||   224
       Whip              |       |       |    95 ||    95
  Use: Potion            |       |       |     4 ||     4
Armor: Scale mail        |    40 |    31 |       ||    71
       Chain mail        |       |    36 |    48 ||    84
Dodge: Dodged            |    41 |    39 |    39 ||   119
Block: Buckler           |    27 |    56 |    54 ||   137
       Reflection        |       |     1 |       ||     1
